 Seeded DCSS version 0.29-a0-923-g6e406bff71 (webtiles) character file.

Game seed: 20220728 (custom seed)

86 purpskrrrp the Sneak (level 4, -18/22 HPs)
             Began as a Vine Stalker Enchanter on July 28, 2022.
             Killed from afar by an acid dragon (23 damage)
             ... with a splash of acid
             ... on level 4 of the Dungeon.
             The game lasted 00:05:17 (3147 turns).

purpskrrrp the Sneak (Vine Stalker Enchanter)       Turns: 3147, Time: 00:05:18

Health: -18/22     AC:  7    Str: 10    XL:     4   Next: 49%
Magic:  0/8        EV: 12    Int: 15    God:
Gold:   144        SH:  0    Dex: 17    Spells: 7/7 levels left

rFire   . . .      SeeInvis .   a - +1 dagger (protect)
rCold   . . .      Faith    .   (no shield)
rNeg    . . .      Spirit   +   b - +1 robe
rPois   .          Reflect  .   l - +0 helmet
rElec   .          Harm     .   (no cloak)
rCorr   .          Rampage  .   (no gloves)
Will    .....                   (no boots)
Stlth   +++.......              (no amulet)
HPRegen 0.87/turn               (no ring)
MPRegen 0.11/turn               (no ring)

@: corroded, under a protective aura
A: fangs 2, regeneration 1, magic shield, antimagic bite, no potion heal 2
a: no special abilities


You were on level 4 of the Dungeon.
You visited 1 branch of the dungeon, and saw 4 of its levels.

You collected 144 gold pieces.

Inventory:

Hand Weapons
 a - a +1 dagger of protection (weapon)
Missiles
 d - 4 poisoned darts (quivered)
 h - 3 javelins
Armour
 b - a +1 robe (worn)
 l - a +0 helmet (worn)
Wands
 g - a wand of digging (4)
Scrolls
 f - a scroll of fear {unknown}
 i - a scroll of amnesia
 j - 2 scrolls of magic mapping {unknown}
 k - a scroll of identify
 m - 2 scrolls of silence {unknown}
Potions
 c - 2 potions of invisibility
 e - 3 potions of heal wounds


   Skills:
 + Level 1.0 Fighting
 * Level 2.2 Short Blades
 + Level 1.7 Dodging
 * Level 4.8 Stealth
 + Level 2.4 Spellcasting
 + Level 3.2 Hexes


You had 7 spell levels left.
You didn't know any spells.
Your spell library contained the following spells:

 Spells                   Type           Power      Damage    Failure   Level
 Ensorcelled Hibernation  Hex/Ice        12%        N/A       17%         2
 Confusing Touch          Hex            11%        N/A       17%         3
 Tukima's Dance           Hex            11%        N/A       17%         3
 Dazzling Flash           Conj/Hex       12%        N/A       32%         3


Dungeon Overview and Level Annotations

Branches:
Dungeon (4/15)
 Temple: D:4-7

Altars:

Annotations:
D:3 3 runed translucent doors, jlumianski's ghost, amateur DsIE


Innate Abilities, Weirdness & Mutations

You have extremely sharp teeth.
Your natural rate of healing is unusually fast.
When hurt, damage is shared between your health and your magic reserves.
Your bite disrupts and absorbs the magic of your enemies.
Potions cannot restore your health.


Message History

The helpless acid dragon fails to defend itself.
You impale the acid dragon!!
Your weapon exudes an aura of protection.
The acid dragon is almost dead.
You hit the acid dragon.
The acid dragon is almost dead.
The acid dragon spits acid at you. The splash of acid hits you!!
Ouch! That really hurt!
* * * LOW HITPOINT WARNING * * *
The acid corrodes you!
You hear a shout! x3
You hit the acid dragon but do no damage.
The acid dragon is almost dead.
The acid dragon barely misses you. x2
Okay, then.
You hit the acid dragon but do no damage.
You bite the acid dragon, but do no damage.
The acid dragon is almost dead.
The acid dragon closely misses you. x2
You hit the acid dragon but do no damage.
You bite the acid dragon. You drain its power.
You feel invigorated.
The acid dragon is almost dead.
The acid dragon bites you.
* * * LOW HITPOINT WARNING * * *
The acid dragon claws you but does no damage.
An orc comes into view. It is wielding a +0 mace.
You closely miss the acid dragon.
The acid dragon is almost dead.
An orc wizard comes into view. It is wielding a +0 dagger.
The acid dragon bites you but does no damage.
The acid dragon misses you.
The orc wizard shouts!
You hit the acid dragon but do no damage.
Your bite misses the acid dragon.
The acid dragon is almost dead.
The acid dragon spits acid at you. The splash of acid hits you!!
Ouch! That really hurt!
You die...

###......##
..........+
....oo....#
..........
.........#
#......##
.##.......#
.......<..+
.......@..#
......D..##
.........#
.........#
.##......#
#......#
.......#
##..###+#


You could see an acid dragon (catching breath), an orc wizard and an orc.

Vanquished Creatures
  3 gnolls (D:2)
  2 adders
  2 orcs (D:3)
  3 bats
  5 endoplasms
  2 giant cockroaches
  3 goblins
  6 hobgoblins
  2 kobolds
  2 quokkas
  3 ball pythons
  3 rats
36 creatures vanquished.

Vanquished Creatures (others)
  4 fungi (D:3)
4 creatures vanquished.

Grand Total: 40 creatures vanquished

Notes
Turn   | Place    | Note
-------+----------+-------------------------------------------
     0 | D:1      | purpskrrrp the Vine Stalker Enchanter began the quest for
                  | the Orb.
     0 | D:1      | Reached XP level 1. HP: 9/9 MP: 4/4
   510 | D:1      | Reached skill level 4 in Stealth
   510 | D:1      | Reached XP level 2. HP: 6/13 MP: 1/6
   898 | D:1      | Reached skill level 1 in Short Blades
  1037 | D:1      | Found a faded altar of an unknown god.
  2033 | D:2      | Reached XP level 3. HP: 14/16 MP: 7/7
  2309 | D:2      | Gained mutation: Your natural rate of healing is unusually
                  | fast. [Vine Stalker growth]
  2309 | D:2      | Reached XP level 4. HP: 14/21 MP: 6/8
  2642 | D:3      | Noticed a kobold brigand
  2911 | D:3      | Found a runed translucent gate.
  2911 | D:3      | Found a runed translucent gate.
  2911 | D:3      | Found a runed translucent gate.
  2913 | D:3      | Noticed jlumianski's ghost (amateur DsIE)
  2948 | D:3      | Reached skill level 1 in Fighting
  3139 | D:4      | Noticed an acid dragon
  3147 | D:4      | Killed from afar by an acid dragon

Illustrated notes

Levels and vault maps discovered:
D:1:      dpeg_arrival_erosion, layout_basic, ebering_ecumenical_altar_abandoned
D:2:      layout_basic
D:3:      layout_loops_ring, gammafunk_ghost_nasty_kobolds
D:4:      layout_gridville, lemuel_tele_altar, st_stairs_3, uniq_eustachio

Skill      XL: |  1  2  3  4 |
---------------+-------------+-----
Stealth        | 4 |  4.8
Short Blades   | 1 2 |  2.2
Fighting       | 1 |  1.0
Dodging        | |  1.7
Spellcasting   | |  2.4
Hexes          | |  3.2

Action                   |  1- 3 |  4- 6 || total
-------------------------+-------+-------++-------
Melee: Dagger            |    93 |    50 ||   143
       Bite              |    28 |     8 ||    36
  Use: Scroll            |     3 |     4 ||     7
       Potion            |     1 |       ||     1
 Stab: Sleeping          |     7 |     3 ||    10
       Invisible         |     2 |       ||     2
Armor: Robe              |    24 |    18 ||    42
Dodge: Dodged            |    55 |    21 ||    76

Table legend: (Time is in decaauts)
 A = Elapsed time spent in this place.
 B = Non-inter-level travel time spent in this place.
 C = Inter-level travel time spent in this place.
 D = Time resting spent in this place.
 E = Time spent auto-exploring this place.
 F = Levels seen in this place.
 G = Mean time per level.
                   A        B        C        D        E       F      G
               +--------+--------+--------+--------+--------+-----+--------+
         Total |   3134 |   2968 |    166 |    309 |   2251 |   4 |  783.5 |
       Dungeon |   3134 |   2968 |    166 |    309 |   2251 |   4 |  783.5 |
               +--------+--------+--------+--------+--------+-----+--------+

Top non-repeatable levels by time:
     D:1: 1758 daAuts
     D:2: 761 daAuts
     D:3: 607 daAuts
     D:4: 7 daAuts
